[Event "Titled Tuesday Blitz January 10 Late 2023"]
[White "Papasimakopoulos, Alexandros"]
[Black "Yurovskykh, Oleksandr"]
[WhiteFideId "4244125"]
[BlackFideId "14134020"]
[WhiteElo "2401"]
[BlackElo "2328"]
[Result "0-1"]
[Round "10"]
[TimeControl "180+2"]
[Date "2023.01.10"]
[WhiteClock "0:00:57"]
[BlackClock "0:00:17"]

1. d4 d5 2. c4 dxc4 3. Nf3 Nf6 4. e3 e6 5. Bxc4 c5 6. O-O Nc6 7. Nc3 cxd4 8. exd4 Be7 9. Re1 O-O 10. a3 b6 11. Bg5 Bb7 12. Rc1 Rc8 13. Qd3 Nd5 14. Bd2 Nxc3 15. bxc3 Bxa3 16. Rcd1 Bd6 17. Ba2 Ne7 18. Ng5 Ng6 19. Rxe6 fxe6 20. Qh3 h6 21. Nxe6 Qf6 22. Nxf8+ Kxf8 23. Re1 Re8 24. Rxe8+ Kxe8 25. Qg4 Nf4 26. g3 Nd5 27. Qe4+ Qe7 28. Qg6+ Kd8 29. c4 Nf6 30. c5 bxc5 31. dxc5 Bxc5 32. Qd3+ Qd6 33. Qe2 Ne4 34. Ba5+ Kc8 35. Be1 Qd4 36. h4 Kb8 37. h5 a6 38. Qf3 Ka7 39. Qf7 Qd1 40. Kf1 Nd2+ 41. Kg1 Qxe1+ 42. Kh2 Qxf2+ 43. Kh3 Qxf7 44. Bxf7 Bc8+ 45. g4 Ne4 46. Ba2 Nf6 47. Kh4 Bxg4 48. Bc4 Bxh5 49. Bd3 g5+ 50. Kg3 Bd6+ 51. Kh3 Bg4+ 52. Kg2 Be6 53. Be2 h5 54. Bxh5 Nxh5 55. Kf3 Nf6 56. Kg2 Kb6 57. Kf3 a5 58. Ke3 a4 59. Kd3 a3 60. Kc2 a2 61. Kb2 Be5+ 62. Kc2 a1=Q 63. Kd3 Qc3+ 64. Ke2 Bg4+ 65. Kf1 Qf3+ 66. Kg1 Bd4+ 67. Kh2 Qf2+ 68. Kh1 Qg1# 0-1


[Site "https://www.chess.com"]

[Event "Titled Tuesday Blitz January 10 Late 2023"]
[White "Vlassov, Nikolai"]
[Black "Hoffmann, Asa"]
[WhiteFideId "4103360"]
[BlackFideId "2001470"]
[WhiteElo "2283"]
[BlackElo "2185"]
[Result "1-0"]
[Round "10"]
[TimeControl "180+2"]
[Date "2023.01.10"]
[WhiteClock "0:00:18"]
[BlackClock "0:00:27"]

1. e4 d6 2. f4 c6 3. Nf3 g6 4. Nc3 Bg7 5. Bc4 e6 6. Bb3 d5 7. d3 Nf6 8. O-O Na6 9. e5 Ng4 10. d4 h5 11. Ne2 c5 12. c3 Bd7 13. Ng5 Qc7 14. g3 Bb5 15. h3 Nh6 16. Rf2 Bxe2 17. Qxe2 cxd4 18. cxd4 Nf5 19. Ba4+ Kf8 20. Qd3 Nb4 21. Qa3 a5 22. Bd2 Qe7 23. Bc3 Nxg3 24. Bxb4 axb4 25. Qxg3 Rxa4 26. Rc1 Ra8 27. Rfc2 Bh6 28. Rc7 Bxg5 29. fxg5 Qe8 30. Qf4 Rh7 31. Qf6 Rg7 32. Rxb7 Rc8 33. Qe7+ Kg8 34. Qxe8+ Rxe8 35. Rxb4 h4 36. Kf2 Rh7 37. Ke3 Kg7 38. Rc7 Rhh8 39. Rbb7 Rhf8 40. a4 Ra8 41. b3 Ra5 42. Rc6 Kg8 43. Rcb6 Kg7 44. Rb8 Rxb8 45. Rxb8 Ra7 46. Rb5 Kf8 47. a5 Ke7 48. b4 Kd7 49. Rb6 Kc7 50. Kd2 Ra8 51. Kc3 Rc8 52. Rb5 Kd7+ 53. Rc5 Ra8 54. Kb3 1-0


[Site "https://www.chess.com"]

[Event "Titled Tuesday Blitz January 10 Late 2023"]
[White "Ansh M Shah"]
[Black "Ibarra Jerez, Jose Carlos"]
[WhiteFideId "25033379"]
[BlackFideId "2226332"]
[WhiteElo "2171"]
[BlackElo "2563"]
[Result "0-1"]
[Round "10"]
[TimeControl "180+2"]
[Date "2023.01.10"]
[WhiteClock "0:00:01"]
[BlackClock "0:00:58"]

1. d4 Nf6 2. c4 d6 3. Nc3 e5 4. d5 Nbd7 5. e4 Nc5 6. Bd3 a5 7. Be3 c6 8. f3 a4 9. Nge2 Qb6 10. Qd2 Qxb2 11. Rb1 Qxd2+ 12. Kxd2 Nfd7 13. Bc2 Be7 14. Nc1 Ra6 15. Nd3 Nb6 16. Nxc5 dxc5 17. Kd3 Kd8 18. Rb2 Kc7 19. Rhb1 Rd8 20. a3 Bd7 21. f4 cxd5 22. Nxd5+ Nxd5 23. Rxb7+ Kd6 24. cxd5 c4+ 25. Kc3 Bf6 26. f5 Rc8 27. g4 Bd8 28. Rb8 Ba5+ 29. R8b4 f6 30. Kd2 Rb8 31. Kc3 Bxb4+ 32. axb4 Bb5 33. Bc5+ Kd7 34. Kb2 a3+ 35. Ka2 c3 0-1


[Site "https://www.chess.com"]

[Event "Titled Tuesday Blitz January 10 Late 2023"]
[White "Preotu, Razvan"]
[Black "Fisher_TheGalactic"]
[WhiteFideId "2613280"]
[WhiteElo "2475"]
[BlackElo "2556"]
[Result "0-1"]
[Round "10"]
[TimeControl "180+2"]
[Date "2023.01.10"]
[WhiteClock "0:00:17"]
[BlackClock "0:00:20"]

1. e4 b6 2. d4 Bb7 3. Bd3 Nf6 4. Qe2 e6 5. Nf3 d5 6. e5 Nfd7 7. h4 c5 8. c3 Nc6 9. a3 h6 10. Be3 c4 11. Bc2 Qc7 12. h5 Be7 13. Nh4 O-O-O 14. Nd2 Na5 15. f4 f5 16. Ng6 Rhe8 17. g4 fxg4 18. Qxg4 Nf8 19. f5 exf5 20. Bxf5+ Kb8 21. Nxe7 Rxe7 22. O-O-O Bc8 23. Rdf1 Bxf5 24. Rxf5 Ne6 25. Rhf1 Kb7 26. Qg6 Rdd7 27. Bf2 Nb3+ 28. Nxb3 cxb3 29. Bh4 Nxd4 30. Bxe7 Nxf5 31. Rxf5 Rxe7 32. e6 Qh2 33. Rf7 Qh1+ 34. Kd2 Qh2+ 35. Kd3 Qc2+ 36. Kd4 Qd2+ 37. Ke5 Qe3+ 38. Kf5 Qe4# 0-1


[Site "https://www.chess.com"]

[Event "Titled Tuesday Blitz January 10 Late 2023"]
[White "Gavilan Diaz, Mario"]
[Black "Tanenbaum, Zachary"]
[WhiteFideId "2260905"]
[BlackFideId "2060850"]
[WhiteElo "2271"]
[BlackElo "2261"]
[Result "0-1"]
[Round "10"]
[TimeControl "180+2"]
[Date "2023.01.10"]
[WhiteClock "0:00:13"]
[BlackClock "0:01:55"]

1. d4 d5 2. c4 dxc4 3. e4 b5 4. a4 c6 5. Nc3 a6 6. axb5 cxb5 7. Nxb5 axb5 8. Rxa8 Bb7 9. Ra1 e6 10. f3 f5 11. exf5 Nc6 12. Be3 Nge7 13. fxe6 Nf5 14. Bf4 Bb4+ 15. Kf2 Ncxd4 16. Ne2 Bc5 17. Nxd4 Bxd4+ 18. Ke1 Qb6 19. Be2 Qxe6 20. Qc2 Nh4 21. Kf1 O-O 22. Re1 Rxf4 23. g3 Qh3# 0-1


[Site "https://www.chess.com"]

[Event "Titled Tuesday Blitz January 10 Late 2023"]
[White "Al-Tarboush, Ward"]
[Black "Sai Krishna G V"]
[WhiteFideId "7601450"]
[BlackFideId "5028280"]
[WhiteElo "2256"]
[BlackElo "2384"]
[Result "1-0"]
[Round "10"]
[TimeControl "180+2"]
[Date "2023.01.10"]
[WhiteClock "0:01:37"]
[BlackClock "0:00:20"]

1. e4 e5 2. Nf3 Nc6 3. Bb5 a6 4. Ba4 d6 5. O-O Nf6 6. d4 b5 7. d5 Ne7 8. Bb3 Nxe4 9. a4 b4 10. a5 Nc5 11. Nbd2 g6 12. Re1 Bg7 13. Ne4 Nxe4 14. Rxe4 Rb8 15. Qd3 f5 16. Re1 e4 17. Qc4 Rb5 18. Bg5 h6 19. Bxe7 Qxe7 20. Nd4 Bxd4 21. Qxd4 O-O 22. f3 Re8 23. fxe4 fxe4 24. Bc4 Rc5 25. Bd3 Bf5 26. Qxb4 exd3 27. Rxe7 Rxe7 28. cxd3 Re2 29. Re1 Rxe1+ 30. Qxe1 Bxd3 31. Qe8+ Kg7 32. Qe7+ Kg8 33. Qd8+ Kf7 34. Qd7+ Kf6 35. b4 Rc1+ 36. Kf2 Rc2+ 37. Ke3 Bb5 38. Qe6+ Kg7 39. Qe7+ Kg8 40. Qd8+ Kf7 41. h4 Rc3+ 42. Kd2 Rc4 43. g4 Rd4+ 44. Kc3 Rxd5 45. Qxc7+ Ke6 46. Qc8+ Ke5 47. Qh8+ Kf4 48. Qxh6+ Kxg4 49. Qxg6+ Kxh4 50. Qe4+ Kg3 51. Qxd5 1-0


[Site "https://www.chess.com"]

[Event "Titled Tuesday Blitz January 10 Late 2023"]
[White "Berezin, Viktor"]
[Black "Skvortsov, Andrei"]
[WhiteFideId "14107872"]
[BlackFideId "24108600"]
[WhiteElo "2307"]
[BlackElo "2313"]
[Result "0-1"]
[Round "10"]
[TimeControl "180+2"]
[Date "2023.01.10"]
[WhiteClock "0:00:30"]
[BlackClock "0:01:26"]

1. d4 Nf6 2. c4 g6 3. Nf3 Bg7 4. g3 O-O 5. Bg2 d6 6. O-O Nbd7 7. Nc3 e5 8. h3 Re8 9. Qc2 c6 10. dxe5 dxe5 11. Rd1 Qc7 12. b3 e4 13. Nd4 e3 14. f4 Nh5 15. Kh2 Nxf4 16. gxf4 Qxf4+ 17. Kh1 Bxd4 18. Rf1 Qg3 19. Ne4 Qh4 20. Bb2 Rxe4 21. Qxe4 Qxe4 22. Bxe4 Bxb2 23. Rad1 Kg7 24. Kg2 Nc5 25. Bc2 Be6 26. h4 Bg4 27. Rb1 Be5 28. Rfe1 Rd8 29. b4 Ne6 30. Rbd1 Rd2 31. Rxd2 exd2 32. Rd1 Bc3 33. Kf2 Bxb4 34. Ke3 Kf6 35. Rf1+ Ke7 36. a3 Ba5 37. Rb1 b6 38. Be4 Kd6 39. Bc2 Ke5 40. Rf1 f5 41. Rb1 Nd4 42. Bd3 f4+ 43. Kf2 Bf5 44. h5 f3 45. Bxf5 fxe2 46. hxg6 e1=Q+ 47. Rxe1+ dxe1=Q+ 48. Kg2 0-1


[Site "https://www.chess.com"]

[Event "Titled Tuesday Blitz January 10 Late 2023"]
[White "Dimitrov, Atanas"]
[Black "Kleiman, Jake"]
[WhiteFideId "2901315"]
[BlackFideId "2020041"]
[WhiteElo "2269"]
[BlackElo "2399"]
[Result "1-0"]
[Round "10"]
[TimeControl "180+2"]
[Date "2023.01.10"]
[WhiteClock "0:00:06"]
[BlackClock "0:00:15"]

1. Nf3 d5 2. e3 e6 3. c4 Nf6 4. Nc3 c6 5. b3 Nbd7 6. Bb2 Bd6 7. d4 O-O 8. Be2 a6 9. O-O b6 10. Rc1 Bb7 11. Nd2 c5 12. dxc5 bxc5 13. cxd5 exd5 14. Nf3 Rc8 15. Qd2 Re8 16. Rfd1 Qe7 17. h3 Ne5 18. Na4 Ne4 19. Qe1 Nd7 20. Qf1 Ra8 21. Nd2 Ndf6 22. Nxe4 dxe4 23. Nb6 Ra7 24. Nc4 Bc7 25. Rc2 Raa8 26. Rcd2 Rad8 27. Qe1 h6 28. Rxd8 Rxd8 29. Rd2 Rxd2 30. Qxd2 Nd5 31. Bf1 Qd8 32. a3 Nb6 33. Qc2 Nxc4 34. Qxc4 Qd2 35. Qxc5 Qxb2 36. Qxc7 Qxb3 37. Qb8+ Kh7 38. Qd6 a5 39. g4 Bd5 40. Qe5 a4 41. h4 g6 42. h5 g5 43. Bg2 Qc4 44. Qf5+ Kg7 45. Qe5+ Kg8 46. Qe8+ Kg7 47. Qe5+ Kg8 48. Kh2 Qc6 49. Qb8+ Kg7 50. Qe5+ Kg8 51. Qb8+ Kg7 52. Qg3 Qe6 53. Bf1 Bc4 54. Bxc4 Qxc4 55. Qe5+ Kh7 56. Kg2 Kg8 57. Qe8+ Kg7 58. Qe5+ Kh7 59. Qf5+ Kg7 60. Qe5+ Kg8 61. Qb8+ Kh7 62. Qb2 Qe6 63. Kg3 Qd6+ 64. Kg2 Qd1 65. Qf6 Qxg4+ 66. Kf1 Qh3+ 67. Ke1 Qe6 68. Qd8 Kg7 69. Qd4+ Qf6 70. Qxa4 Qa1+ 71. Ke2 Qb2+ 72. Kf1 Qb1+ 73. Kg2 Qd3 74. Qd4+ Qxd4 75. exd4 Kf6 76. a4 Ke6 77. a5 f5 78. a6 1-0


[Site "https://www.chess.com"]

[Event "Titled Tuesday Blitz January 10 Late 2023"]
[White "Gubajdullin, Alexei"]
[Black "Ladan, Nicholas"]
[WhiteFideId "4141202"]
[BlackFideId "30918855"]
[WhiteElo "2285"]
[BlackElo "2228"]
[Result "1-0"]
[Round "10"]
[TimeControl "180+2"]
[Date "2023.01.10"]
[WhiteClock "0:01:13"]
[BlackClock "0:00:18"]

1. d4 d5 2. Nf3 Nf6 3. Bf4 c5 4. e3 Nc6 5. Nbd2 cxd4 6. exd4 Bf5 7. c3 e6 8. Qb3 Bd6 9. Qxb7 Bxf4 10. Qxc6+ Kf8 11. Ne5 Bxd2+ 12. Kxd2 Rc8 13. Qa6 Ne4+ 14. Ke1 g6 15. f3 Kg7 16. fxe4 Qh4+ 17. Kd1 dxe4 18. Qxa7 Rhf8 19. Be2 e3 20. g4 Be4 21. Rf1 Qxh2 22. Rxf7+ Rxf7 23. Qxf7+ Kh6 24. g5+ Kxg5 25. Nf3+ Bxf3 26. Qxf3 Qg1+ 27. Bf1 Qf2 28. Qxf2 exf2 29. Ke2 Rf8 30. a4 h5 31. a5 h4 32. a6 Kg4 33. a7 h3 34. a8=Q Rxa8 35. Rxa8 Kg3 36. Rh8 e5 37. Rxh3+ 1-0


[Site "https://www.chess.com"]

[Event "Titled Tuesday Blitz January 10 Late 2023"]
[White "Baskin, Robert"]
[Black "Bambino Filho, Antonio Carlos"]
[WhiteFideId "24662402"]
[BlackFideId "2113163"]
[WhiteElo "2442"]
[BlackElo "2144"]
[Result "1-0"]
[Round "10"]
[TimeControl "180+2"]
[Date "2023.01.10"]
[WhiteClock "0:00:08"]
[BlackClock "0:00:10"]

1. d4 Nf6 2. c4 e6 3. Nf3 d5 4. g3 Be7 5. Bg2 O-O 6. O-O dxc4 7. Qc2 a6 8. a4 Bd7 9. Qxc4 Bc6 10. Bf4 Nbd7 11. Qc1 Nd5 12. Bd2 N5f6 13. Nc3 Ne4 14. Bf4 Bd6 15. Rd1 Ndf6 16. Be5 Qe7 17. e3 Rfd8 18. Bxd6 cxd6 19. a5 Rdc8 20. Qb1 Nxc3 21. bxc3 Be4 22. Qb2 Qc7 23. Ra3 Qc6 24. Ne1 Bxg2 25. Nxg2 Ne4 26. Rc1 d5 27. Nf4 Nd6 28. Rb3 Nc4 29. Qa2 Qc7 30. Ra1 Rcb8 31. Nd3 b6 32. axb6 Rxb6 33. Rxb6 Qxb6 34. Rb1 Qc7 35. Nc5 a5 36. Qa4 Rb8 37. Rb5 Rxb5 38. Qxb5 g6 39. h4 h5 40. Kg2 Kg7 41. Qe8 Nd6 42. Qa8 Nc4 43. Qe8 Nd6 44. Qxe6 Qxc5 45. Qe5+ f6 46. Qe7+ 1-0


[Site "https://www.chess.com"]

[Event "Titled Tuesday Blitz January 10 Late 2023"]
[White "Hsu, Li Yang"]
[Black "Pasti, Aron"]
[WhiteFideId "5800080"]
[BlackFideId "785857"]
[WhiteElo "2427"]
[BlackElo "2361"]
[Result "1/2-1/2"]
[Round "10"]
[TimeControl "180+2"]
[Date "2023.01.10"]
[WhiteClock "0:00:07"]
[BlackClock "0:00:07"]

1. Nf3 d5 2. g3 c6 3. Bg2 Bg4 4. O-O Nd7 5. d4 e6 6. Nbd2 Ngf6 7. Re1 Be7 8. e4 dxe4 9. Nxe4 O-O 10. c3 Nxe4 11. Rxe4 Nf6 12. Re1 c5 13. Be3 cxd4 14. Bxd4 Nd5 15. Qb3 Qc8 16. Ne5 Bf5 17. c4 Nb6 18. Bxb6 axb6 19. Qxb6 Bc5 20. Qb5 Qc7 21. Nd7 Ra5 22. Qxb7 Qxb7 23. Bxb7 Rb8 24. Nxc5 Rxc5 25. Ba6 Rxb2 26. a4 Bd3 27. Red1 Rb3 28. a5 g5 29. Rdc1 Rb2 30. Rc3 Be4 31. Re3 Rxa5 32. Rc1 Rc2 33. Rce1 f5 34. Bb5 Raa2 35. Rf1 Kf7 36. h4 h6 37. hxg5 hxg5 38. g4 Ra8 39. gxf5 exf5 40. f3 Raa2 41. Rfe1 Rg2+ 42. Kh1 Rh2+ 43. Kg1 Rag2+ 44. Kf1 Rf2+ 45. Kg1 Rhg2+ 46. Kh1 Rh2+ 47. Kg1 Rhg2+ 48. Kh1 Rh2+ 49. Kg1 1/2-1/2


[Site "https://www.chess.com"]

[Event "Titled Tuesday Blitz January 10 Late 2023"]
[White "Chor, Kevin"]
[Black "Ongut, Tamas Gunes"]
[WhiteFideId "2090740"]
[BlackFideId "770280"]
[WhiteElo "1944"]
[BlackElo "2299"]
[Result "1-0"]
[Round "10"]
[TimeControl "180+2"]
[Date "2023.01.10"]
[WhiteClock "0:00:16"]
[BlackClock "0:00:02"]

1. e4 e5 2. Nf3 Nc6 3. Bb5 a6 4. Ba4 d6 5. O-O Bg4 6. d3 b5 7. Bb3 Nd4 8. Nbd2 Nxb3 9. axb3 h5 10. Re1 h4 11. h3 Bd7 12. d4 g5 13. Nf1 g4 14. hxg4 Bxg4 15. Ne3 Bh5 16. dxe5 Ne7 17. exd6 cxd6 18. Nd5 Ng6 19. Qd4 Bxf3 20. Nf6+ Ke7 21. Bg5 Qc8 22. Nd5+ Ke8 23. Nf6+ Kd8 24. gxf3 Be7 25. e5 Qf5 26. f4 Nxe5 27. Rxe5 Qg6 28. Rae1 Bxf6 29. Qxd6+ Kc8 30. Qc6+ Kb8 31. Re8+ Rxe8 32. Rxe8+ Ka7 33. Rxa8# 1-0


[Site "https://www.chess.com"]

[Event "Titled Tuesday Blitz January 10 Late 2023"]
[White "Przybylski, Wojciech"]
[Black "Ismagilov, Damir"]
[WhiteFideId "1117599"]
[BlackFideId "34199982"]
[WhiteElo "2321"]
[BlackElo "2156"]
[Result "1-0"]
[Round "10"]
[TimeControl "180+2"]
[Date "2023.01.10"]
[WhiteClock "0:00:02"]
[BlackClock "0:00:15"]

1. d4 f5 2. g3 Nf6 3. Bg2 g6 4. Nc3 Bg7 5. Nf3 O-O 6. O-O d6 7. a4 c6 8. a5 Qc7 9. Bf4 Nbd7 10. Qd2 e5 11. Bh6 e4 12. Ne1 d5 13. Bf4 Qd8 14. Na4 Nh5 15. Bg5 Qe8 16. c4 Ndf6 17. Nc2 dxc4 18. Na3 Be6 19. Rfc1 Nd5 20. Nxc4 Qd7 21. Nc5 Qc8 22. Nd6 Qc7 23. Nxe6 Qxd6 24. Nxf8 Rxf8 25. a6 b6 26. f3 e3 27. Qc2 h6 28. Bf4 Ndxf4 29. gxf4 Qxf4 30. Qxc6 Qg5 31. f4 Nxf4 32. Qf3 Bxd4 33. Rc4 Be5 34. Rf1 Nxg2 35. Qxg2 Qxg2+ 36. Kxg2 Bxb2 37. Kf3 Be5 38. h3 f4 39. Rd1 Rf7 40. Rd5 Bc7 41. h4 Kg7 42. Rc6 Re7 43. Rd4 g5 44. Rdc4 Be5 45. Re4 Bf6 46. Rxe7+ Bxe7 47. Rc7 Kf6 48. Rxa7 Bc5 49. Rc7 Kf5 50. hxg5 hxg5 51. a7 g4+ 52. Kg2 Ke4 53. a8=Q+ Kd4 54. Rd7+ Kc3 55. Qa2 f3+ 56. exf3 gxf3+ 57. Kxf3 e2 58. Kxe2 Kb4 59. Qd2+ Ka4 60. Qd3 Kb4 61. Ra7 Bd6 62. Ra1 Kc5 63. Rb1 b5 64. Rxb5+ Kc6 65. Qd5+ Kd7 66. Rb7+ Kc8 67. Qc6+ Bc7 68. Qxc7# 1-0


[Site "https://www.chess.com"]

[Event "Titled Tuesday Blitz January 10 Late 2023"]
[White "Novikov, Evgenij"]
[Black "Osmak, Yuliia"]
[WhiteFideId "4125380"]
[BlackFideId "14101602"]
[WhiteElo "2276"]
[BlackElo "2440"]
[Result "1-0"]
[Round "10"]
[TimeControl "180+2"]
[Date "2023.01.10"]
[WhiteClock "0:00:36"]
[BlackClock "0:00:19"]

1. d4 Nf6 2. c4 e6 3. Nc3 c5 4. d5 exd5 5. cxd5 d6 6. Nf3 g6 7. e3 Bg7 8. Be2 O-O 9. O-O a6 10. a4 Re8 11. Re1 Nbd7 12. Rb1 Ne5 13. Nxe5 Rxe5 14. Bf3 b5 15. axb5 axb5 16. Nxb5 Bf5 17. e4 Nxe4 18. Bf4 Nxf2 19. Kxf2 Rxe1 20. Qxe1 Bxb1 21. Qxb1 Rb8 22. Be2 Qh4+ 23. Bg3 Qb4 24. Nxd6 Qd4+ 25. Kf1 Rxb2 26. Qe4 Qf6+ 27. Qf4 h5 28. Qxf6 Bxf6 29. Ne4 Bd4 30. d6 Rb1+ 31. Be1 Kf8 32. Bd3 Ra1 33. Ke2 f5 34. Ng5 Ra2+ 35. Kf3 Ra3 36. Ke2 Be5 37. d7 Ke7 38. d8=Q+ Kxd8 39. Nf7+ Ke7 40. Nxe5 Kf6 41. Nd7+ Ke7 42. Nxc5 Ra2+ 43. Bd2 f4 44. Ne4 Ke6 45. Bc4+ 1-0


[Site "https://www.chess.com"]

[Event "Titled Tuesday Blitz January 10 Late 2023"]
[White "Aspire_ie"]
[Black "Aldokhin, Ivan"]
[BlackFideId "24115720"]
[WhiteElo "2352"]
[BlackElo "2413"]
[Result "0-1"]
[Round "10"]
[TimeControl "180+2"]
[Date "2023.01.10"]
[WhiteClock "0:00:02"]
[BlackClock "0:00:04"]

1. e4 c5 2. c4 e6 3. Nc3 b6 4. g3 Bb7 5. Bg2 d6 6. Nge2 Qc7 7. O-O Nf6 8. d4 cxd4 9. Nxd4 a6 10. Be3 Be7 11. Rc1 O-O 12. h3 Nbd7 13. b4 Ne5 14. Qb3 Rac8 15. Nde2 Nxc4 16. Na4 b5 17. Nb6 Nxe4 18. Nxc8 Rxc8 19. Rfd1 Nf6 20. Nd4 Bxg2 21. Kxg2 Qb7+ 22. Kh2 Nd5 23. a4 bxa4 24. Qxa4 Nb2 25. Rxc8+ Qxc8 26. Rc1 Nc4 27. Nc6 Bf6 28. Rxc4 Qb7 29. Nd4 h5 30. Qc6 Qa7 31. h4 Kh7 32. Nf5 Qb8 33. Nxd6 Nxe3 34. fxe3 Be5 35. Ne4 Qd8 36. Ng5+ Kh6 0-1


[Site "https://www.chess.com"]

[Event "Titled Tuesday Blitz January 10 Late 2023"]
[White "Denishev, Marat"]
[Black "Silva, Caio Henrique Angelico"]
[WhiteFideId "24131563"]
[BlackFideId "22777210"]
[WhiteElo "2255"]
[BlackElo "2129"]
[Result "0-1"]
[Round "10"]
[TimeControl "180+2"]
[Date "2023.01.10"]
[WhiteClock "0:00:11"]
[BlackClock "0:00:06"]

1. e4 c6 2. d4 d5 3. f3 e6 4. Nc3 Nf6 5. Bg5 h6 6. Bh4 Be7 7. e5 Nfd7 8. Bxe7 Qxe7 9. f4 a6 10. Nf3 c5 11. Ne2 Nc6 12. c3 f6 13. Qd3 O-O 14. Ng3 fxe5 15. fxe5 cxd4 16. cxd4 b5 17. Be2 Qb4+ 18. Qc3 Bb7 19. O-O Qxc3 20. bxc3 Rac8 21. Nh4 Rxf1+ 22. Rxf1 Ne7 23. Rf3 g5 24. Nh5 gxh4 25. Bd3 Nf5 26. Nf4 Ng7 27. Ng6 Re8 28. Nxh4 Nf8 29. g4 Re7 30. Ng2 Rf7 31. Re3 Bc6 32. h4 Be8 33. h5 Rc7 34. Kh2 Nh7 35. Kg3 Ng5 36. Nf4 Bf7 37. Bf1 Rxc3 38. Bd3 Kf8 39. Kh4 Ke7 40. Re2 Nf3+ 41. Kg3 Nxd4 42. Rb2 Nc6 43. Kh4 Nxe5 44. Be2 Nf3+ 45. Bxf3 Rxf3 46. Ne2 e5 47. Rc2 Kd6 48. Rc8 Ne6 49. Ng3 Ng5 50. Ra8 e4 51. Rxa6+ Ke5 52. Rxh6 e3 53. Rh8 d4 54. Rd8 Ne6 55. Rb8 d3 56. Rxb5+ Kf6 57. h6 e2 58. Nh5+ Kg6 59. h7 Kxh7 60. Re5 d2 61. Rxe2 d1=Q 62. Rh2 Bxh5 63. Kxh5 Kg7 64. Kh4 Qe1+ 65. Kh5 Qe5+ 66. g5 Qxh2+ 67. Kg4 Qg3+ 68. Kh5 Qxg5# 0-1


[Site "https://www.chess.com"]

[Event "Titled Tuesday Blitz January 10 Late 2023"]
[White "Itkis, Boris"]
[Black "Suvorov, Alexander"]
[WhiteFideId "1209167"]
[BlackFideId "12977063"]
[WhiteElo "2329"]
[BlackElo "2338"]
[Result "0-1"]
[Round "10"]
[TimeControl "180+2"]
[Date "2023.01.10"]
[WhiteClock "0:00:02"]
[BlackClock "0:00:21"]

1. c4 e5 2. Nf3 Nc6 3. Nc3 Bc5 4. e3 d6 5. d4 Bb4 6. Bd2 Nf6 7. Qc2 O-O 8. Bd3 Re8 9. dxe5 dxe5 10. O-O h6 11. Ne4 Bxd2 12. Qxd2 Bg4 13. Nxf6+ Qxf6 14. Be4 Rad8 15. Qc3 Bxf3 16. Bxf3 e4 17. Qxf6 gxf6 18. Bg4 Ne5 19. Bh5 Nxc4 20. Rac1 Ne5 21. Rxc7 Rd7 22. Rxd7 Nxd7 23. Rd1 Ne5 24. h3 Rc8 25. Rd2 Rc1+ 26. Kh2 Kg7 27. Kg3 a5 28. Kf4 Rc4 29. Rd4 Rc2 30. Kxe4 Rxb2 31. f4 Ng6 32. g4 Rxa2 33. Rd7 b5 34. Rb7 b4 35. Bxg6 Kxg6 36. h4 Rb2 37. h5+ Kg7 38. Ra7 Ra2 39. Rb7 Ra3 40. Kd4 b3 41. Kc3 a4 42. e4 Ra2 43. e5 fxe5 44. fxe5 Rc2+ 45. Kd3 Rc6 46. Ra7 Rb6 47. Rxa4 b2 0-1


[Site "https://www.chess.com"]

[Event "Titled Tuesday Blitz January 10 Late 2023"]
[White "Tyagi, Kushan"]
[Black "Haszon, David"]
[WhiteFideId "2040069"]
[BlackFideId "733610"]
[WhiteElo "2060"]
[BlackElo "2264"]
[Result "1/2-1/2"]
[Round "10"]
[TimeControl "180+2"]
[Date "2023.01.10"]
[WhiteClock "0:01:16"]
[BlackClock "0:00:44"]

1. d4 Nf6 2. c4 c5 3. d5 b5 4. cxb5 a6 5. f3 d6 6. e4 g6 7. Na3 Bg7 8. Ne2 axb5 9. Nxb5 Qa5+ 10. Nec3 O-O 11. Be2 Ba6 12. O-O Nbd7 13. Qc2 Rfb8 14. a4 Ne8 15. Rb1 Bxb5 16. Bxb5 Nb6 17. Bd2 Bd4+ 18. Kh1 Bxc3 19. Bxc3 Qa7 20. Bc6 Nc7 21. Qd2 Nc4 22. Qh6 f6 23. h4 Ne8 24. h5 g5 25. f4 Ne3 1/2-1/2


[Site "https://www.chess.com"]

[Event "Titled Tuesday Blitz January 10 Late 2023"]
[White "Suvorov, Luca"]
[Black "Karacsonyi, Gellert"]
[WhiteFideId "12977071"]
[BlackFideId "764620"]
[WhiteElo "2310"]
[BlackElo "2385"]
[Result "1-0"]
[Round "10"]
[TimeControl "180+2"]
[Date "2023.01.10"]
[WhiteClock "0:00:07"]
[BlackClock "0:00:13"]

1. d4 Nf6 2. c4 e6 3. Nc3 Bb4 4. e3 O-O 5. Ne2 d5 6. a3 Be7 7. cxd5 exd5 8. Nf4 c6 9. Bd3 Bg4 10. f3 Bh5 11. Nxh5 Nxh5 12. O-O Nd7 13. Qc2 Nhf6 14. Qf2 c5 15. Bd2 cxd4 16. exd4 a6 17. Rfe1 Bd6 18. Re2 Qc7 19. Qh4 Rae8 20. Nxd5 Qb8 21. Nxf6+ Nxf6 22. Bg5 Rxe2 23. Bxf6 h6 24. Bxe2 gxf6 25. Bd3 Bf4 26. Qg4+ Bg5 27. h4 h5 28. Qxh5 Be3+ 29. Kh1 Re8 30. Re1 Qf4 31. g3 Qxd4 32. Be4 Qd2 33. Rf1 Kf8 34. Qh7 Qe2 35. Bd3 Qxb2 36. Bc4 Ke7 37. Qxf7+ Kd8 38. Rd1+ Bd2 39. Qd5+ Kc7 40. Qxd2 Qe5 41. Qf4 Qxf4 42. gxf4 Rh8 43. Kg2 Rxh4 44. Kg3 Rh8 45. Be6 Re8 46. f5 Re7 47. Rc1+ Kd6 48. Kg4 Rg7+ 49. Kh5 Ke5 50. Rc4 Rg5+ 51. Kh6 Rg1 52. Re4+ Kd6 53. Rg4 Ra1 54. Kg6 Ke7 55. Rd4 Rg1+ 56. Rg4 Ra1 57. Rg2 Rxa3 58. Rd2 Rxf3 59. Rd7+ Ke8 60. Kxf6 b5 61. Rb7 Kd8 62. Rd7+ Ke8 63. Rc7 Rd3 64. Rc8+ Rd8 65. Bf7+ Kd7 66. Rxd8+ Kxd8 67. Ba2 a5 68. Kg7 b4 69. f6 a4 70. f7 Kc7 71. f8=Q b3 72. Qc5+ Kd7 73. Qd5+ Ke7 74. Bxb3 a3 75. Ba4 a2 76. Qd7# 1-0


[Site "https://www.chess.com"]

[Event "Titled Tuesday Blitz January 10 Late 2023"]
[White "Klukin, Kirill"]
[Black "Fernandez Garcia, Gumersindo"]
[WhiteFideId "24199273"]
[BlackFideId "24516740"]
[WhiteElo "2390"]
[BlackElo "2160"]
[Result "1-0"]
[Round "10"]
[TimeControl "180+2"]
[Date "2023.01.10"]
[WhiteClock "0:02:44"]
[BlackClock "0:01:41"]

1. f4 Nh6 2. Nf3 g6 3. g3 d5 4. Bg2 Bg7 5. O-O c6 6. d3 O-O 7. e4 Bg4 8. Nc3 Bxc3 9. bxc3 dxe4 10. dxe4 Qxd1 11. Rxd1 Na6 12. Be3 b6 13. h3 Bxf3 14. Bxf3 Rad8 15. e5 Nf5 16. Bf2 c5 17. a4 Nb8 18. a5 Rxd1+ 19. Rxd1 Ng7 20. axb6 axb6 21. Rb1 Nd7 22. Bc6 Rd8 23. Rd1 1-0


[Site "https://www.chess.com"]

[Event "Titled Tuesday Blitz January 10 Late 2023"]
[White "Leiva, Gianmarco"]
[Black "Wu, Brandon"]
[WhiteFideId "3804399"]
[BlackFideId "30909228"]
[WhiteElo "2392"]
[BlackElo "2123"]
[Result "1-0"]
[Round "10"]
[TimeControl "180+2"]
[Date "2023.01.10"]
[WhiteClock "0:00:10"]
[BlackClock "0:01:07"]

1. d4 Nf6 2. Nf3 g6 3. Bg5 Bg7 4. Nbd2 d5 5. e3 Ne4 6. Nxe4 dxe4 7. Nd2 c5 8. c3 cxd4 9. exd4 h6 10. Bf4 f5 11. f3 g5 12. Bxb8 Rxb8 13. Bb5+ Bd7 14. Bxd7+ Qxd7 15. fxe4 O-O 16. O-O e5 17. d5 fxe4 18. Rxf8+ Rxf8 19. Nxe4 Qf5 20. Qe2 Qg6 21. Rf1 Qb6+ 22. Kh1 Rxf1+ 23. Qxf1 Qe3 24. Nd6 Qd2 25. Nf5 Bf8 26. d6 Bxd6 27. Nxh6+ Kg7 28. Nf5+ Kg6 29. Ng3 Qc2 30. Qe1 Kf7 31. h3 Qxb2 32. Qf1+ Ke8 33. Qd3 Qc1+ 34. Kh2 Be7 35. Qb5+ Kf8 36. Qxe5 Qd1 37. Nf5 Qd8 38. Qg7+ Ke8 39. Qxe7+ Qxe7 40. Nxe7 Kxe7 41. Kg3 Kf6 42. Kg4 Kg6 43. g3 b5 44. h4 gxh4 45. gxh4 a5 46. a3 a4 47. Kf4 Kf6 48. Ke4 Ke6 49. Kd4 Kd6 50. h5 Ke6 51. Kc5 Kf6 52. Kxb5 Kg5 53. Kxa4 Kxh5 54. Kb5 Kg4 55. a4 Kf3 56. a5 1-0


[Site "https://www.chess.com"]